TOP OF THE 1ST |
Lexington Legends batting - Pitching for Lansing Lugnuts : RHP Andres de Leon
|
Pitching: RHP Andres de Leon
|
|
Batting: RHB Doug Carter
|
0-0: Ball 1-0: Swinging Strike 1-1: Ball 2-1: Ball 3-1: Swinging Strike 3-2: Foul Ball, location: 2F 3-2: Base on Balls
|
Batting: RHB Andy Urquhart
|
0-0: Foul Ball, location: 2F 0-1: Foul Ball, location: 2F 0-2: Ball 1-2: Grounds into double play, 5-4-3 (Groundball, 56, EV 107.5 MPH)
|
Batting: RHB Eric Davis
|
0-0: Ball 1-0: Called Strike 1-1: Called Strike 1-2: Foul Ball, location: 2F 1-2: Strikes out swinging
|
Top of the 1st over - 0 runs, 0 hits, 0 errors, 0 left on base; Lexington 0 - Lansing 0 |
BOTTOM OF THE 1ST |
Lansing Lugnuts batting - Pitching for Lexington Legends : LHP Brian Carlson
|
Pitching: LHP Brian Carlson
|
|
Batting: RHB Dylan Phillips
|
0-0: Ball 1-0: Ball 2-0: Foul Ball, location: 2F 2-1: Ball 3-1: Base on Balls
|
Batting: RHB Justin Powell
|
0-0: Foul Ball, location: 2F 0-1: Foul Ball, location: 2F 0-2: Fielders Choice at 2nd, 4-6 (Groundball, 4S, EV 86.2 MPH)
|
Batting: RHB Butch Koglin
|
0-0: Ball 1-0: Called Strike 1-1: Ball 2-1: Fly out, F7 (Line Drive, 7, EV 91.2 MPH)
|
Batting: LHB Tony Vitela
|
0-0: Ball 1-0: Called Strike 1-1: Ball 2-1: Ball 3-1: Base on Balls Justin Powell to second
|
Batting: RHB Carlos Renteria
|
0-0: Ball 1-0: Foul Ball, location: 2F 1-1: Swinging Strike 1-2: Foul Ball, location: 2F 1-2: Ball 2-2: Foul Ball, location: 2F 2-2: Ball 3-2: Foul Ball, location: 2F 3-2: Base on Balls Justin Powell to third Tony Vitela to second
|
Batting: RHB Josh Swartzentruber
|
0-0: Ball 1-0: Called Strike 1-1: Ball 2-1: Ball 3-1: GRAND SLAM HOME RUN (Flyball, 7D, EV 95.6 MPH), Distance : 354 ft
|
Batting: RHB Brian Manson
|
0-0: Foul Ball, location: 2F 0-1: Foul Ball, location: 2F 0-2: Ball 1-2: Ball 2-2: Foul Ball, location: 2F 2-2: Ball 3-2: DOUBLE (Flyball, 8LXD, EV 101.9 MPH)
|
Batting: RHB Justin Geiger
|
0-0: Called Strike 0-1: SINGLE (Line Drive, 34D, EV 103.1 MPH) Brian Manson to third
|
Batting: RHB Bryan Peterson
|
0-0: Ball 1-0: Ball 2-0: Ball 3-0: Base on Balls Justin Geiger to second
|
Batting: RHB Dylan Phillips
|
0-0: Ball 1-0: Ball 2-0: Ball 3-0: Base on Balls Brian Manson scores Justin Geiger to third Bryan Peterson to second
|
Batting: RHB Justin Powell
|
0-0: Ball 1-0: Ball 2-0: Ball 3-0: Base on Balls Justin Geiger scores Bryan Peterson to third Dylan Phillips to second
|
Batting: RHB Butch Koglin
|
0-0: Ball 1-0: SINGLE (Line Drive, 5D, EV 101.9 MPH) Bryan Peterson scores Dylan Phillips to third Justin Powell to second Runner from 3rd tries for Home, throw by LF and OUT! 7-2
|
Bottom of the 1st over - 7 runs, 4 hits, 0 errors, 2 left on base; Lexington 0 - Lansing 7 |
TOP OF THE 2ND |
Lexington Legends batting - Pitching for Lansing Lugnuts : RHP Andres de Leon
|
Batting: LHB Robert Wilkins
|
0-0: Called Strike 0-1: Ball 1-1: Swinging Strike 1-2: Strikes out swinging
|
Batting: RHB Pete Deschamps
|
0-0: Called Strike 0-1: Called Strike 0-2: Strikes out swinging
|
Batting: SHB Dan Langston
|
0-0: Called Strike 0-1: Ground out 4-3 (Groundball, 34, EV 85.6 MPH)
|
Top of the 2nd over - 0 runs, 0 hits, 0 errors, 0 left on base; Lexington 0 - Lansing 7 |
BOTTOM OF THE 2ND |
Lansing Lugnuts batting - Pitching for Lexington Legends : LHP Brian Carlson
|
Batting: LHB Tony Vitela
|
0-0: SINGLE (Flyball, 5D, EV 88.8 MPH)
|
Batting: RHB Carlos Renteria
|
0-0: Fielders Choice at 2nd, 6-4 (Groundball, 6, EV 102.5 MPH)
|
Batting: RHB Josh Swartzentruber
|
0-0: Called Strike 0-1: Foul Ball, location: 2F 0-2: Ball Wild Pitch! Carlos Renteria to second 1-2: SINGLE (Line Drive, 6MD, EV 94.4 MPH) Carlos Renteria to third
|
Batting: RHB Brian Manson
|
0-0: Ball 1-0: Ball 2-0: Ball 3-0: Called Strike 3-1: Base on Balls Josh Swartzentruber to second
|
Pitching: RHP Bryan Alfaro
|
|
Batting: RHB Justin Geiger
|
0-0: Grounds into double play, 5-4-3 (Groundball, 5S, EV 88.1 MPH)
|
Bottom of the 2nd over - 0 runs, 2 hits, 0 errors, 2 left on base; Lexington 0 - Lansing 7 |
TOP OF THE 3RD |
Lexington Legends batting - Pitching for Lansing Lugnuts : RHP Andres de Leon
|
Batting: RHB Ben Garrett
|
0-0: Called Strike 0-1: Foul Ball, location: 2F 0-2: Ball 1-2: Strikes out swinging
|
Batting: RHB Grant Conlon
|
0-0: Ball 1-0: Foul Ball, location: 2F 1-1: Ball 2-1: Fly out, F7 (Flyball, 78M, EV 84.4 MPH)
|
Batting: RHB Kunimatsu Oya
|
0-0: Foul Ball, location: 2F 0-1: Ball 1-1: Foul Ball, location: 2F 1-2: Strikes out swinging
|
Top of the 3rd over - 0 runs, 0 hits, 0 errors, 0 left on base; Lexington 0 - Lansing 7 |
BOTTOM OF THE 3RD |
Lansing Lugnuts batting - Pitching for Lexington Legends : RHP Bryan Alfaro
|
Batting: RHB Bryan Peterson
|
0-0: Ball 1-0: Swinging Strike 1-1: Foul Ball, location: 2F 1-2: Strikes out swinging
|
Batting: RHB Dylan Phillips
|
0-0: Called Strike 0-1: Foul Ball, location: 2F 0-2: Foul Ball, location: 2F 0-2: Ball 1-2: SINGLE (Groundball, 6MD, EV 102.5 MPH)
|
Batting: RHB Justin Powell
|
0-0: Ball 1-0: Called Strike Dylan Phillips steals 2nd base 1-1: Ball 2-1: Ball 3-1: SINGLE (Line Drive, 3D, EV 108.8 MPH) Dylan Phillips to third
|
Batting: RHB Butch Koglin
|
0-0: Ball Justin Powell steals 2nd base (no throw) 1-0: Swinging Strike 1-1: Swinging Strike 1-2: Ball 2-2: Strikes out swinging
|
Batting: LHB Tony Vitela
|
0-0: 3-RUN HOME RUN (Flyball, 9LD, EV 95.0 MPH), Distance : 336 ft
|
Pitching: RHP Ron Bubar
|
|
Batting: RHB Carlos Renteria
|
0-0: Ball 1-0: Fly out, F8 (Flyball, 8RXD, EV 82.5 MPH)
|
Bottom of the 3rd over - 3 runs, 3 hits, 0 errors, 0 left on base; Lexington 0 - Lansing 10 |
TOP OF THE 4TH |
Lexington Legends batting - Pitching for Lansing Lugnuts : RHP Andres de Leon
|
Batting: RHB Doug Carter
|
0-0: Foul Ball, location: 2F 0-1: Foul Ball, location: 2F 0-2: Ball 1-2: Ball 2-2: Ball 3-2: Strikes out swinging
|
Batting: RHB Andy Urquhart
|
0-0: Foul Ball, location: 2F 0-1: Foul Ball, location: 2F 0-2: Foul Ball, location: 2F 0-2: Ball 1-2: Strikes out looking
|
Batting: RHB Eric Davis
|
0-0: Ball 1-0: Called Strike 1-1: Ball 2-1: Fly out, F3 (Popup, 3SF, EV 79.4 MPH)
|
Top of the 4th over - 0 runs, 0 hits, 0 errors, 0 left on base; Lexington 0 - Lansing 10 |
BOTTOM OF THE 4TH |
Lansing Lugnuts batting - Pitching for Lexington Legends : RHP Ron Bubar
|
Batting: RHB Josh Swartzentruber
|
0-0: Foul Ball, location: 2F 0-1: DOUBLE (Line Drive, 8RD, EV 89.4 MPH)
|
Batting: RHB Brian Manson
|
0-0: Foul Ball, location: 2F 0-1: SINGLE (Groundball, 56D, EV 105.0 MPH) Josh Swartzentruber to third Runner from 3rd tries for Home, SAFE, throw by LF to home Brian Manson to second
|
Batting: RHB Justin Geiger
|
0-0: Ball 1-0: DOUBLE (Line Drive, 78D, EV 108.1 MPH) Brian Manson scores
|
Batting: RHB Bryan Peterson
|
0-0: Fly out, F3 (Popup, 3SF, EV 70.6 MPH)
|
Batting: RHB Dylan Phillips
|
0-0: Ball 1-0: Ball 2-0: Ball 3-0: Base on Balls
|
Batting: RHB Justin Powell
|
0-0: Foul Ball, location: 2F 0-1: Grounds into double play, 5-4-3 (Groundball, 5, EV 88.1 MPH)
|
Bottom of the 4th over - 2 runs, 3 hits, 0 errors, 1 left on base; Lexington 0 - Lansing 12 |
TOP OF THE 5TH |
Lexington Legends batting - Pitching for Lansing Lugnuts : RHP Andres de Leon
|
Batting: LHB Robert Wilkins
|
0-0: Ball 1-0: Ball 2-0: Swinging Strike 2-1: Foul Ball, location: 2F 2-2: Ball 3-2: Foul Ball, location: 2F 3-2: Strikes out swinging
|
Batting: RHB Pete Deschamps
|
0-0: Called Strike 0-1: Ball 1-1: Foul Ball, location: 2F 1-2: Strikes out swinging, 2-3 out at first.
|
Batting: SHB Dan Langston
|
0-0: Foul Ball, location: 2F 0-1: Ball 1-1: Swinging Strike 1-2: Ball 2-2: Strikes out swinging
|
Top of the 5th over - 0 runs, 0 hits, 0 errors, 0 left on base; Lexington 0 - Lansing 12 |
BOTTOM OF THE 5TH |
Lansing Lugnuts batting - Pitching for Lexington Legends : RHP Ron Bubar
|
Batting: RHB Butch Koglin
|
0-0: Ball 1-0: Called Strike 1-1: Called Strike 1-2: Foul Ball, location: 2F 1-2: Ball 2-2: Ball 3-2: Fly out, F8 (Line Drive, 8LM, EV 92.5 MPH)
|
Pitching: RHP Nate Mumaw
|
|
Batting: LHB Tony Vitela
|
0-0: Called Strike 0-1: SOLO HOME RUN (Flyball, 9D, EV 92.5 MPH), Distance : 360 ft
|
Batting: RHB Carlos Renteria
|
0-0: Foul Ball, location: 2F 0-1: Called Strike 0-2: Ball 1-2: Ball 2-2: Ground out 4-3 (Groundball, 4, EV 112.5 MPH)
|
Batting: RHB Josh Swartzentruber
|
0-0: Called Strike 0-1: Ball 1-1: Ball 2-1: Swinging Strike 2-2: Strikes out swinging
|
Bottom of the 5th over - 1 run, 1 hit, 0 errors, 0 left on base; Lexington 0 - Lansing 13 |
TOP OF THE 6TH |
Lexington Legends batting - Pitching for Lansing Lugnuts : RHP Andres de Leon
|
Batting: RHB Ben Garrett
|
0-0: Called Strike 0-1: Ground out 6-3 (Groundball, 6, EV 81.2 MPH)
|
Batting: RHB Grant Conlon
|
0-0: Foul Ball, location: 2F 0-1: Called Strike 0-2: Foul Ball, location: 2F 0-2: Fly out, F7 (Flyball, 7, EV 82.5 MPH)
|
Batting: RHB Kunimatsu Oya
|
0-0: Ball 1-0: Ball 2-0: Ground out 6-3 (Groundball, 6, EV 83.8 MPH)
|
Top of the 6th over - 0 runs, 0 hits, 0 errors, 0 left on base; Lexington 0 - Lansing 13 |
BOTTOM OF THE 6TH |
Lansing Lugnuts batting - Pitching for Lexington Legends : RHP Nate Mumaw
|
Batting: RHB Brian Manson
|
0-0: SINGLE (Line Drive, 9S, EV 108.8 MPH)
|
Batting: RHB Justin Geiger
|
0-0: Called Strike 0-1: DOUBLE (Line Drive, 78XD, EV 105.0 MPH) Brian Manson to third
|
Batting: RHB Bryan Peterson
|
0-0: Foul Ball, location: 2F 0-1: Ball 1-1: Swinging Strike 1-2: Ball 2-2: Ball 3-2: Base on Balls
|
Batting: RHB Dylan Phillips
|
0-0: GRAND SLAM HOME RUN (Flyball, 78XD, EV 103.1 MPH), Distance : 393 ft
|
Batting: RHB Justin Powell
|
0-0: Ball 1-0: Ball 2-0: Called Strike 2-1: Ground out 3-1 (Groundball, 13, EV 95.6 MPH)
|
Batting: RHB Butch Koglin
|
0-0: Ball 1-0: Ball 2-0: Ball 3-0: Called Strike 3-1: Base on Balls
|
Batting: LHB Tony Vitela
|
0-0: Ball Passed Ball! Butch Koglin to second 1-0: Called Strike 1-1: Foul Ball, location: 2F 1-2: Ball 2-2: Ball 3-2: Base on Balls
|
Batting: RHB Carlos Renteria
|
0-0: DOUBLE (Groundball, 5L, EV 104.4 MPH) Butch Koglin scores Tony Vitela to third
|
Batting: RHB Josh Swartzentruber
|
0-0: Called Strike 0-1: Ball 1-1: Ball 2-1: Ball 3-1: Base on Balls
|
Batting: RHB Brian Manson
|
0-0: Reached on error, E6 (Groundball, 6, EV 86.2 MPH) Tony Vitela scores Carlos Renteria to third Josh Swartzentruber to second
|
Batting: RHB Justin Geiger
|
0-0: Ball 1-0: SINGLE (Line Drive, 4MD, EV 95.0 MPH) Carlos Renteria scores Josh Swartzentruber to third Brian Manson to second
|
Batting: RHB Bryan Peterson
|
0-0: Ball 1-0: Fielders Choice at 2nd, 6-4 (Groundball, 6, EV 82.5 MPH) Josh Swartzentruber scores Brian Manson to third
|
Batting: RHB Dylan Phillips
|
0-0: Ball 1-0: Ball 2-0: Swinging Strike 2-1: Ball 3-1: Called Strike 3-2: Base on Balls Bryan Peterson to second
|
Batting: RHB Justin Powell
|
0-0: Ball 1-0: Swinging Strike 1-1: Foul Ball, location: 2F 1-2: Ball 2-2: Ball 3-2: Base on Balls Brian Manson scores Bryan Peterson to third Dylan Phillips to second
|
Batting: RHB Butch Koglin
|
0-0: Ball 1-0: Ground out 5-3 (Groundball, 5S, EV 91.9 MPH)
|
Bottom of the 6th over - 9 runs, 5 hits, 1 error, 3 left on base; Lexington 0 - Lansing 22 |
TOP OF THE 7TH |
Lexington Legends batting - Pitching for Lansing Lugnuts : RHP Andres de Leon
|
Batting: RHB Doug Carter
|
0-0: Called Strike 0-1: Ball 1-1: Ball 2-1: Ground out 4-3 (Groundball, 4, EV 90.6 MPH)
|
Batting: RHB Andy Urquhart
|
0-0: Foul Ball, location: 2F 0-1: Ball 1-1: Ball 2-1: Foul Ball, location: 2F 2-2: Strikes out swinging
|
Batting: RHB Eric Davis
|
0-0: Ball 1-0: Foul Ball, location: 2F 1-1: Ball 2-1: Fly out, F4 (Popup, 4S, EV 70.0 MPH)
|
Top of the 7th over - 0 runs, 0 hits, 0 errors, 0 left on base; Lexington 0 - Lansing 22 |
BOTTOM OF THE 7TH |
Lansing Lugnuts batting - Pitching for Lexington Legends : RHP Nate Mumaw
|
Batting: LHB Tony Vitela
|
0-0: Foul Ball, location: 2F 0-1: DOUBLE (Line Drive, 78D, EV 98.1 MPH)
|
Batting: RHB Carlos Renteria
|
0-0: Ball 1-0: Ball 2-0: Foul Ball, location: 2F 2-1: Ball 3-1: Base on Balls
|
Batting: RHB Josh Swartzentruber
|
0-0: Ball 1-0: Ball 2-0: Ball 3-0: Called Strike 3-1: Base on Balls Tony Vitela to third Carlos Renteria to second
|
Pinch Hitting: RHB Vinny Luna
|
0-0: Ball Wild Pitch! Tony Vitela scores Carlos Renteria to third Josh Swartzentruber to second 1-0: Called Strike 1-1: Ball 2-1: Ball 3-1: Base on Balls
|
Batting: RHB Justin Geiger
|
0-0: Called Strike 0-1: SINGLE (Line Drive, 78S, EV 95.0 MPH) Carlos Renteria scores Josh Swartzentruber to third Vinny Luna to second
|
Batting: RHB Bryan Peterson
|
0-0: Ball 1-0: SINGLE (Groundball, 6MD, EV 101.9 MPH) Josh Swartzentruber scores Vinny Luna to third Justin Geiger to second
|
Pinch Hitting: RHB Elliot Manfredini
|
0-0: Foul Ball, location: 2F 0-1: Fielders Choice at 3rd, U5 (Groundball, 5L, EV 83.8 MPH) Vinny Luna scores Bryan Peterson to second
|
Batting: RHB Justin Powell
|
0-0: Fielders Choice at 2nd, 5-4 (Groundball, 5, EV 85.0 MPH) Bryan Peterson to third
|
Batting: RHB Butch Koglin
|
0-0: Foul Ball, location: 2F 0-1: Foul Ball, location: 2F 0-2: Ball 1-2: Fly out, F7 (Flyball, 7, EV 78.1 MPH)
|
Bottom of the 7th over - 4 runs, 3 hits, 0 errors, 2 left on base; Lexington 0 - Lansing 26 |
TOP OF THE 8TH |
Lexington Legends batting - Pitching for Lansing Lugnuts : RHP Andres de Leon
|
Now at 2B: Elliot Manfredini
|
|
Now in LF: Vinny Luna
|
|
Now in CF: Justin Powell
|
|
Batting: LHB Robert Wilkins
|
0-0: Called Strike 0-1: Ball 1-1: Swinging Strike 1-2: Ball 2-2: Ball 3-2: Foul Ball, location: 2F 3-2: Strikes out looking
|
Batting: RHB Pete Deschamps
|
0-0: Ball 1-0: Swinging Strike 1-1: Foul Ball, location: 2F 1-2: Ball 2-2: Foul Ball, location: 2F 2-2: Fly out, F4 (Popup, 34D, EV 58.1 MPH)
|
Batting: SHB Dan Langston
|
0-0: Ball 1-0: Ball 2-0: Foul Ball, location: 2F 2-1: SOLO HOME RUN (Flyball, 89XD, EV 96.9 MPH), Distance : 399 ft
|
Batting: RHB Ben Garrett
|
0-0: Ball 1-0: Called Strike 1-1: Ball 2-1: Foul Ball, location: 2F 2-2: Ball 3-2: Foul Ball, location: 2F 3-2: Base on Balls
|
Pitching: RHP Jose Guajardo
|
|
Batting: RHB Grant Conlon
|
0-0: Called Strike 0-1: Ball 1-1: DOUBLE (Groundball, 5L, EV 105.0 MPH) Ben Garrett to third Runner from 3rd tries for Home, SAFE, throw by LF to trailing runner, OUT at third! 7-3-5
|
Top of the 8th over - 2 runs, 2 hits, 0 errors, 0 left on base; Lexington 2 - Lansing 26 |
BOTTOM OF THE 8TH |
Lansing Lugnuts batting - Pitching for Lexington Legends : RHP Nate Mumaw
|
Pinch Hitting: LHB Aaron Caron
|
0-0: Foul Ball, location: 2F 0-1: SINGLE (Groundball, 6D, EV 96.2 MPH)
|
Batting: RHB Carlos Renteria
|
0-0: Fly out, F9 (Flyball, 9D, EV 89.4 MPH)
|
Batting: RHB Josh Swartzentruber
|
0-0: Ball 1-0: Ball 2-0: Called Strike 2-1: Ball 3-1: Base on Balls Aaron Caron to second
|
Batting: RHB Vinny Luna
|
0-0: Ball 1-0: Called Strike 1-1: Ball 2-1: Foul Ball, location: 2F 2-2: Foul Ball, location: 2F 2-2: Ball 3-2: Base on Balls Aaron Caron to third Josh Swartzentruber to second
|
Batting: RHB Justin Geiger
|
0-0: Ball 1-0: Ball 2-0: Ball 3-0: Base on Balls Aaron Caron scores Josh Swartzentruber to third Vinny Luna to second
|
Batting: RHB Bryan Peterson
|
0-0: Ball 1-0: Ball 2-0: Called Strike 2-1: Ball 3-1: Called Strike 3-2: Foul Ball, location: 2F 3-2: Base on Balls Josh Swartzentruber scores Vinny Luna to third Justin Geiger to second
|
Batting: RHB Elliot Manfredini
|
0-0: Swinging Strike 0-1: Ball 1-1: Ball 2-1: Ball 3-1: Base on Balls Vinny Luna scores Justin Geiger to third Bryan Peterson to second
|
Batting: RHB Justin Powell
|
0-0: Ground out 5-3 (Groundball, 56S, EV 68.8 MPH) Justin Geiger scores Bryan Peterson to third Elliot Manfredini to second
|
Batting: RHB Butch Koglin
|
0-0: Ground out 6-3 (Groundball, 56D, EV 101.9 MPH)
|
Bottom of the 8th over - 4 runs, 1 hit, 0 errors, 2 left on base; Lexington 2 - Lansing 30 |
TOP OF THE 9TH |
Lexington Legends batting - Pitching for Lansing Lugnuts : RHP Jose Guajardo
|
Now in RF: Aaron Caron
|
|
Batting: RHB Kunimatsu Oya
|
0-0: Ball 1-0: Called Strike 1-1: Swinging Strike 1-2: Strikes out swinging
|
Batting: RHB Doug Carter
|
0-0: Ball 1-0: Swinging Strike 1-1: Called Strike 1-2: Strikes out looking
|
Batting: RHB Andy Urquhart
|
0-0: Ball 1-0: Called Strike 1-1: Foul Ball, location: 2F 1-2: Strikes out swinging
|
Top of the 9th over - 0 runs, 0 hits, 0 errors, 0 left on base; Lexington 2 - Lansing 30 |
|